 Dungeon Crawl Stone Soup version 0.32-a0-768-g0f6f1dd4b9 (webtiles) character file.

Game seed: 1056471374143569070

13633 lunkers the Cleaver (level 12, 0/141 HPs)
             Began as a Coglin Berserker on Mar 18, 2024.
             Was a High Priest of Trog.
             Slain by a wolf (6 damage)
             ... on level 2 of the Lair of Beasts.
             The game lasted 00:13:20 (10052 turns).

lunkers the Cleaver (Coglin Berserker)             Turns: 10052, Time: 00:13:20

Health: 0/141      AC: 12    Str: 22    XL:     12   Next: 8%
Magic:  12/12      EV: 12    Int: 11    God:    Trog [*****.]
Gold:   731        SH:  0    Dex: 13    Spells: 11/11 levels left

rFire   . . .        D - +0 hand axe (elec) {Haeun}
rCold   . . .        n - +2 hand axe (elec) {Charoen}
rNeg    . . .        v - +0 acid dragon scales
rPois   .            C - +2 helmet {Int+3}
rElec   .            (no cloak)
rCorr   +            e - +0 pair of gloves
SInv    .            u - +0 pair of boots
Will    ++...        (amulet unavailable) Stlth
                     (ring unavailable)
HPRegen 1.43/turn    (ring unavailable)
MPRegen 0.13/turn    (no gizmo)

%: no passive effects
@: berserking, lethally poisoned (0 -> -2), strong-willed, regenerating,
revving, very quick
A: off-hand wielding, slow wielding, warmup strikes, no jewellery
a: Invent Gizmo, Renounce Religion, Berserk, Trog's Hand, Brothers in Arms


You were on level 2 of the Lair of Beasts.
You worshipped Trog.
Trog was extremely pleased with you.
You visited 2 branches of the dungeon, and saw 12 of its levels.

You collected 731 gold pieces.

Inventory:

Hand Weapons
 n - a +2 hand axe of electrocution (offhand) {Charoen}
 t - a +0 demon trident {Leticia}
 D - a +0 hand axe of electrocution (weapon) {Haeun}
Armour
 e - a +0 pair of gloves (worn)
 u - a +0 pair of boots (worn)
 v - +0 acid dragon scales (worn)
 C - a +2 helmet of intelligence (worn)
 G - a +2 leather armour of poison resistance
Wands
 d - a wand of mindburst (10)
 q - a wand of quicksilver (7)
 s - a wand of flame (28)
 y - a wand of iceblast (6)
 A - a wand of charming (17)
Scrolls
 b - 5 scrolls of fog
 c - a scroll of enchant armour
 f - 3 scrolls of enchant weapon
 h - a scroll of revelation
 k - 2 scrolls of immolation
 l - 3 scrolls of vulnerability
 w - a scroll of poison
 F - a scroll of identify
 H - 2 scrolls of teleportation
 I - a scroll of silence {unknown}
Potions
 a - 2 potions of curing {unknown}
 g - 2 potions of might
 i - 3 potions of enlightenment
 j - 2 potions of magic
 m - a potion of brilliance
 o - a potion of haste
 p - a potion of resistance
 r - 4 potions of heal wounds
 x - a potion of lignification
 z - a potion of mutation {unknown}
 B - a potion of berserk rage {unknown}
 E - 2 potions of cancellation {unknown}


   Skills:
 + Level 8.8 Fighting
 * Level 13.8 Axes
 + Level 4.6 Armour
 + Level 4.5 Dodging
 * Level 11.2 Evocations


You had 11 spell levels left.
You didn't know any spells.
Your spell library was empty.

Dungeon Overview and Level Annotations

Branches:
Dungeon (10/15)            Temple (0/1) D:4            Lair (2/5) D:9
  Swamp: Lair:2-3    Shoals: Lair:2-3     Snake: Lair:2-3    Spider: Lair:2-3
    Orc: D:9-12

Altars:
Ashenzari
Kikubaaqudgha
Sif Muna
Trog
Xom
Zin

Shops:
D:2 ?   D:5 ?   D:6 ((([[   D:8 (


Innate Abilities, Weirdness & Mutations

You can wield a second weapon in your off-hand.
It takes a long time for you to wield or remove held weapons.
Your first few attacks do less damage.
You cannot equip rings or amulets.


Message History

* * * LOW HITPOINT WARNING * * *
You feel very sick.
You hear a bellow!
The wolf bites you but does no damage. The cane toad stings you!
* * * LOW HITPOINT WARNING * * *
The wolf bites you but does no damage.
Your Evocations skill increases to level 11!
You have reached level 12!
You feel clever.
Aiming: Quicksilver Bolt
Press: ? - help, Shift-Dir - straight line, f/p - five-headed hydra
Aim: a five-headed hydra (severely wounded, 92% to hit)
The bolt of dispelling energy hits the five-headed hydra!!!
You kill the five-headed hydra!
Trog accepts your kill.
The bolt of dispelling energy hits the water moccasin!!
You kill the water moccasin!
Trog accepts your kill.
The bolt of dispelling energy hits the plant!
The plant is moderately damaged.
* * * LOW HITPOINT WARNING * * *
You feel very sick. The wolf bites you but does no damage.
The cane toad closely misses you.
A yak comes into view. x2
The wolf barely misses you.
Unknown command.
Your skin crawls.
You feel strong-willed.
* * * LOW HITPOINT WARNING * * *
You feel very sick.
The yak bellows!
The cane toad stings you but does no damage.
The wolf bites you but does no damage.
Unknown command.
Okay, then.
A red film seems to cover your vision as you go berserk!
You feel yourself moving faster!
You feel mighty!
You feel sick.
A nearby plant withers and dies.
The wolf closely misses you. The cane toad barely misses you.
The wolf bites you.
You die...

...... ##.##.#### .
#....#### #......... ..
#../....# ##...#P.##.
...#.#.....#####....#..#..
.ß...P.##.................
...#...†............#.....
..#....#....#....††#...#..
....Y...h....P.....#..#...
##....††.@..P...#.######.#
S...Y...F##......## ###
(....#...#.......#
..............#.## ##
................# ##.
..###..#..##...## .. ..
.##.####....####### #. ..
. #..........###.
####..#........


You could see 2 yaks, a cane toad and a wolf.

Vanquished Creatures
  A hydra (Lair:2)
  A two-headed ogre (D:10)
  Amaemon (D:9)
  A skyshark (Lair:2)
  A black mamba (Lair:2)
  Joseph (D:8)
  An orange demon (D:9)
  A cane toad (Lair:2)
  Jeremiah (D:9)
  2 komodo dragons (Lair:2)
  A rime drake (Lair:1)
  A troll (D:9)
  A wraith (D:10)
  5 wyverns
  A shadow (D:10)
  Eustachio (D:5)
  2 basilisks
  14 yaks
  2 steam dragons
  2 acid dragons
  6 water moccasins
  4 orc warriors
  3 ice beasts
  4 black bears
  3 ogres
  2 centaurs
  5 wolves
  5 kobold brigands
  5 bullfrogs
  A scorpion (D:6)
  5 wights (D:8)
  5 jellies
  6 killer bees (D:10)
  A howler monkey (D:5)
  A bombardier beetle (D:4)
  A gnoll bouda (D:7)
  12 orc priests
  6 iguanas
  8 orc wizards
  8 gnolls
  3 adders
  4 white imps
  4 ufetubi
  A ribbon worm (D:2)
  40 orcs
  6 ball pythons
  8 bats
  4 endoplasms
  4 giant cockroaches
  7 goblins
  5 hobgoblins
  2 jackals (D:4)
  A quokka (D:2)
  5 frilled lizards
  49 kobolds
  7 rats
282 creatures vanquished.

Vanquished Creatures (others)
  2 orc wizards
2 creatures vanquished.

Grand Total: 284 creatures vanquished

Notes
Turn   | Place    | Note
-------+----------+-------------------------------------------
     0 | D:1      | lunkers the Coglin Berserker began the quest for the Orb.
     0 | D:1      | Reached XP level 1. HP: 18/18 MP: 1/1
   247 | D:1      | Reached XP level 2. HP: 24/24 MP: 2/2
   541 | D:1      | You fall into a shaft and drop 1 floor!
   550 | D:2      | Reached skill level 4 in Axes
   588 | D:2      | Reached XP level 3. HP: 28/29 MP: 3/3
   609 | D:2      | Found The Oracle's Delphic Readings.
   670 | D:2      | Reached ** piety under Trog
  1332 | D:3      | Reached XP level 4. HP: 29/35 MP: 4/4
  1574 | D:3      | Reached skill level 5 in Axes
  1685 | D:3      | Reached XP level 5. HP: 41/41 MP: 5/5
  1808 | D:4      | Noticed an ice beast
  1817 | D:4      | Killed an ice beast
  1818 | D:4      | Reached skill level 6 in Axes
  1818 | D:4      | Reached XP level 6. HP: 47/47 MP: 6/6
  1837 | D:4      | Reached *** piety under Trog
  1945 | D:4      | Reached skill level 7 in Axes
  2079 | D:4      | Found a staircase to the Ecumenical Temple.
  2086 | D:4      | Reached XP level 7. HP: 39/52 MP: 7/7
  2364 | D:5      | Entered Level 5 of the Dungeon
  2532 | D:5      | Reached skill level 8 in Axes
  2702 | D:5      | Reached skill level 9 in Axes
  2912 | D:5      | Noticed Eustachio
  2932 | D:5      | Killed Eustachio
  2933 | D:5      | Reached XP level 8. HP: 58/58 MP: 8/8
  3520 | D:5      | Reached skill level 10 in Axes
  3553 | D:5      | Found Qaxuck's Magic Scroll Shoppe.
  3784 | D:6      | Found Feziacka's Antique Armour Boutique.
  3790 | D:6      | Found Odagoeg's Armour Shoppe.
  3990 | D:6      | Reached skill level 11 in Axes
  3995 | D:6      | Reached **** piety under Trog
  4027 | D:6      | Found Hizeoset's Weapon Emporium.
  4059 | D:6      | Found Biatt's Weapon Emporium.
  4092 | D:6      | Found Biroj's Weapon Emporium.
  4099 | D:6      | Reached XP level 9. HP: 60/63 MP: 9/9
  4571 | D:7      | Reached skill level 12 in Axes
  4795 | D:7      | Reached skill level 1 in Evocations
  5298 | D:8      | Found a shimmering blue altar of Sif Muna.
  5418 | D:8      | Found Dath's Weapon Boutique.
  5562 | D:8      | Reached skill level 5 in Fighting
  5562 | D:8      | Reached skill level 5 in Evocations
  5633 | D:8      | Reached ***** piety under Trog
  5834 | D:8      | Reached XP level 10. HP: 52/76 MP: 10/10
  6310 | D:8      | Noticed Joseph
  6318 | D:8      | Killed Joseph
  6716 | D:9      | Noticed an orange demon
  6716 | D:9      | Noticed Amaemon
  6725 | D:9      | Killed an orange demon
  6729 | D:9      | Killed Amaemon
  6859 | D:9      | Found a staircase to the Lair.
  6871 | D:9      | Reached XP level 11. HP: 51/86 MP: 11/11
  7059 | D:9      | Noticed Jeremiah
  7068 | D:9      | Found a bloodstained altar of Trog.
  7072 | D:9      | Killed Jeremiah
  7289 | D:9      | Found a glowing silver altar of Zin.
  7509 | D:10     | Entered Level 10 of the Dungeon
  7509 | D:10     | Noticed a two-headed ogre
  7513 | D:10     | Killed a two-headed ogre
  7514 | D:10     | Reached skill level 13 in Axes
  8045 | D:10     | Found a shimmering altar of Xom.
  8227 | D:10     | Found a broken altar of Ashenzari.
  8257 | D:10     | Found an ancient bone altar of Kikubaaqudgha.
  8539 | Lair:1   | Entered Level 1 of the Lair of Beasts
  8551 | Lair:1   | Reached skill level 10 in Evocations
  9944 | Lair:2   | Noticed a skyshark
  9952 | Lair:2   | Killed a skyshark
 10036 | Lair:2   | Noticed a five-headed hydra
 10050 | Lair:2   | Reached XP level 12. HP: 11/94 MP: 12/12
 10050 | Lair:2   | Killed a five-headed hydra
 10051 | Lair:2   | HP: 4/94 [poisoned by a cane toad]
 10052 | Lair:2   | Slain by a wolf

Illustrated notes

Levels and vault maps discovered:
D:1:      roderic_octagonal_star, layout_loops_ring, serial_bayou_pond_d
D:2:      layout_rooms, nicolae_nh_oracle_at_delphi
D:3:      layout_basic, minmay_misc_feat_more_columns, minivault_14,
          chequers_garden
D:4:      layout_basic, minmay_temple_entry_crystal_x, kennysheep_cluttered_room
D:5:      layout_gridville, serial_shops, nicolae_shop_rolled_up,
          enter_ossuary_1, uniq_eustachio
D:6:      kennysheep_kobold_camp, layout_basic, serial_shops,
          nicolae_shop_crystal, shop_fountains, nicolae_shop_hallway_plus, shop,
          nicolae_shop_gibbet_a_chance
D:7:      layout_rooms
D:8:      layout_gridville, mainiacjoe_overflow_boulevard, serial_shops,
          nicolae_shop_rolling_square, enter_bailey_4, uniq_joseph
D:9:      layout_loops_ring, amcnicky_altar_gilded, zin_academy,
          minmay_lair_entry_grove, uniq_jeremiah, uniq_amaemon
D:10:     layout_basic, nicolae_overflow_crystal_walls,
          mainiacjoe_overflow_two_lobes
Lair:1:   layout_layer_cave, lemuel_old_faithful, lemuel_fruit_fields
Lair:2:   layout_misc_corridors, grunt_megastairs_4

Skill      XL: |  1  2  3  4  5  6  7  8  9 10 11 |
---------------+----------------------------------+-----
Axes           | 4 5 6 7 9 11 12 13 | 13.8
Evocations     | 6 9 11 | 11.2
Fighting       | 5 7 8 |  8.8
Armour         | 2 4 |  4.6
Dodging        | 2 4 |  4.5

Action                     |  1- 3 |  4- 6 |  7- 9 | 10-12 || total
---------------------------+-------+-------+-------+-------++-------
  Melee: Dagger            |    45 |       |       |       ||    45
         Hand axe          |   108 |   135 |   290 |   351 ||   884
         Demon trident     |       |       |    73 |    57 ||   130
 Invoke: Berserk           |       |     2 |     3 |     8 ||    13
         Trog's Hand       |       |       |       |     1 ||     1
  Evoke: Wand              |       |       |       |     3 ||     3
    Use: Scroll            |     7 |     2 |     5 |     6 ||    20
   Stab: Distracted        |       |       |     1 |     4 ||     5
 Armour: Scale mail        |    48 |    41 |   103 |       ||   192
         Acid dragon scale |       |       |    17 |   138 ||   155
  Dodge: Dodged            |    31 |    35 |    67 |    93 ||   226

Table legend: (Time is in decaauts)
 A = Elapsed time spent in this place.
 B = Non-inter-level travel time spent in this place.
 C = Inter-level travel time spent in this place.
 D = Time resting spent in this place.
 E = Time spent auto-exploring this place.
 F = Levels seen in this place.
 G = Mean time per level.
                   A        B        C        D        E       F      G
               +--------+--------+--------+--------+--------+-----+--------+
         Total |  10068 |   9852 |    216 |    109 |   8276 |  12 |  839.0 |
       Dungeon |   8577 |   8362 |    215 |    109 |   6900 |  10 |  857.7 |
          Lair |   1490 |   1490 |      0 |      0 |   1376 |   2 |  745.0 |
               +--------+--------+--------+--------+--------+-----+--------+

Top non-repeatable levels by time:
     D:5: 1270 daAuts
  Lair:1: 1204 daAuts
     D:8: 1197 daAuts
     D:9: 1122 daAuts
    D:10: 1027 daAuts
     D:1: 798 daAuts
     D:6: 795 daAuts
     D:7: 776 daAuts
     D:4: 557 daAuts
     D:2: 516 daAuts
     D:3: 514 daAuts
  Lair:2: 286 daAuts
